 Dungeon Crawl Stone Soup version 0.20-a0-1126-g0f15420 (webtiles) character file.

6577 polly the Martial Artist (level 10, 0/70 HPs)
             Began as a Demonspawn Gladiator on May 18, 2017.
             Was a High Priest of Okawaru.
             Slain by Grum
             ... wielding a -1 glaive
              (24 damage)
             ... on level 9 of the Dungeon.
             The game lasted 00:15:11 (7138 turns).

polly the Martial Artist (Demonspawn Gladiator)     Turns: 7138, Time: 00:15:12

Health: 0/70       AC:  8    Str: 18    XL:     10   Next: 71%
Magic:  10/10      EV: 22    Int:  9    God:    Okawaru [*****.]
Gold:   470        SH:  0    Dex: 22    Spells: 9/9 levels left

rFire    + . .     SeeInvis .     - Unarmed
rCold    + + +     Gourm    .   (no shield)
rNeg     . . .     Faith    .   w - +1 ring mail {rF+}
rPois    .         Spirit   .   L - +0 hat
rElec    .         Reflect  .   i - +0 cloak
rCorr    .         Harm     .   (no gloves)
MR       .....                  (no boots)
Stlth    +++.......             f - amulet of regeneration
Regen    0.3/turn               u - +2 ring of strength
MPRegen  0.2/turn               E - ring of Xom's Fair Game {*Drain rC+++ EV+3}

@: agile
A: claws 2, horns 2, talons 1, powered by pain 1, rot immunity
a: Heroism, Finesse, Renounce Religion


You were on level 9 of the Dungeon.
You worshipped Okawaru.
Okawaru was extremely pleased with you.
You were very hungry.

You visited 2 branches of the dungeon, and saw 10 of its levels.

You collected 470 gold pieces.

Inventory:

Missiles
 B - a throwing net (quivered)
Armour
 i - a +0 cloak (worn)
 w - a +1 ring mail of fire resistance (worn)
 L - a +0 hat (worn)
Jewellery
 f - an amulet of regeneration (around neck)
 u - a +2 ring of strength (left claw)
 E - the ring of Xom's Fair Game (right claw) {*Drain rC+++ EV+3}
   (You found it on level 7 of the Dungeon)

   [ring of evasion]

   It affects your evasion (+3).
   It renders you almost immune to cold.
   It causes draining when unequipped.
 G - an uncursed amulet of the gourmand
 I - an uncursed ring of protection from fire {unknown}
Wands
 s - a wand of lightning (0/15)
 v - a wand of iceblast (6/15)
 z - a wand of disintegration (16/24)
Scrolls
 a - 3 scrolls of identify
 b - 2 scrolls of remove curse
 c - 2 scrolls of fear {unknown}
 g - a scroll of immolation
 k - 5 scrolls of amnesia {unknown}
 l - 5 scrolls of magic mapping
 q - 2 scrolls of teleportation {unknown}
 x - 2 scrolls of recharging {unknown}
 y - a scroll of vulnerability {unknown}
 A - a scroll of torment {unknown}
 C - a scroll of enchant armour
 D - a scroll of brand weapon {unknown}
 F - a scroll of enchant weapon {unknown}
 H - a scroll of fog {unknown}
Potions
 e - 2 potions of curing
 j - 2 potions of might
 m - a potion of heal wounds
 p - 2 potions of mutation {unknown}
 t - a potion of brilliance {unknown}
 J - a potion of resistance {unknown}
Books
 o - a book of Changes

   Spells                             Type                      Level
   a - Beastly Appendage              Transmutation                1
   b - Sticks to Snakes               Transmutation                2
   c - Spider Form                    Transmutation/Poison         3
   d - Ice Form                       Ice/Transmutation            4
   e - Blade Hands                    Transmutation                5
 K - a book of Debilitation

   Spells                             Type                      Level
   a - Corona                         Hexes                        1
   b - Slow                           Hexes                        2
   c - Inner Flame                    Hexes/Fire                   3
   d - Portal Projectile              Hexes/Translocation          3
   e - Cause Fear                     Hexes                        4
   f - Leda's Liquefaction            Hexes/Earth                  4
Comestibles
 d - 8 bread rations
 h - 5 meat rations
 n - 6 fruits
 r - a royal jelly


   Skills:
 + Level 3.4 Fighting
 - Level 2.0 Throwing
 + Level 5.8 Armour
 + Level 4.6 Dodging
 + Level 2.8 Stealth
 * Level 12.5 Unarmed Combat
 + Level 0.4 Evocations


You had 9 spell levels left.
You didn't know any spells.

Dungeon Overview and Level Annotations

Branches:
Dungeon (9/15)             Temple (1/1) D:6            Lair (0/6) D:9
    Orc: D:9-12

Altars:
Ashenzari
Cheibriados
Dithmenos
Elyvilon
Fedhas
Gozag
Hepliaklqana
Kikubaaqudgha
Makhleb
Nemelex Xobeh
Okawaru
Qazlal
Ru
Sif Muna
Trog
Uskayaw
Vehumet
Wu Jian
Xom
Yredelemnul
Zin
The Shining One

Shops:
D:7 !   D:8 *

Annotations:
D:9 Grum


Innate Abilities, Weirdness & Mutations

You have very sharp fingernails.
You have a pair of horns on your head.
You have sharp toenails.
You sometimes gain a little power by taking damage.
You are immune to rotting.


Message History

The wolf barely misses you. The wolf completely misses you.
You miss the wolf. You claw the wolf, but do no damage.
Your headbutt misses the wolf.
The wolf is severely wounded.
The wolf barely misses you. The wolf barely misses you.
You barely miss the wolf. Your kick misses the wolf.
Your headbutt misses the wolf.
The wolf is severely wounded.
The wolf completely misses you. Grum completely misses you.
The wolf barely misses you.
You are feeling very hungry.
The wolf misses you.
You scratch the wolf. You claw the wolf, but do no damage.
You headbutt the wolf. You claw the wolf.
You kill the wolf!
Okawaru accepts your kill. Grum hits you from afar with a glaive!!
You die...

#...........#.....#...#....
#..........g#...#.#...#....
#..........h'...#.#...'.##.
#############.....#...#....
...........######...#....
.......###g'........#....
..... #.#........#....
...##..###g#.(......#####
........@..######...##...
.#####+##### #...##...
#...##... #...##...
#...##... #...##...
########' ........ .##...##


You could see Grum.

Vanquished Creatures
  Gastronok (D:9)
  A two-headed ogre (D:8)
  Pikel (D:7)
  Joseph (D:8)
  Grinder (D:3)
  Prince Ribbit (D:9)
  A hungry ghost (D:9)
  Edmund (D:5)
  A black bear (D:7)
  An orc warrior (D:8)
  2 ice beasts
  A sky beast (D:8)
  A phantom (D:8)
  4 ogres
  2 wolves (D:9)
  2 centaurs
  3 bullfrogs
  A gnoll sergeant (D:5)
  A wyvern zombie (D:7)
  2 scorpions
  5 wights (D:8)
  4 howler monkeys
  A bullfrog zombie (D:6)
  2 crimson imps
  A bullfrog skeleton (D:8)
  4 hounds
  2 jellies
  An orc priest (D:9)
  2 orc wizards
  2 iguanas
  10 worker ants
  A hound skeleton (D:5)
  A howler monkey zombie (D:6)
  8 adders
  12 gnolls
  A howler monkey skeleton (D:5)
  2 adder zombies
  An adder skeleton (D:8)
  4 worms
  2 dart slugs
  4 leopard geckos
  31 orcs
  10 bats
  4 giant cockroaches
  7 goblins
  10 hobgoblins
  18 jackals
  5 quokkas
  3 ball pythons
  6 frilled lizards
  11 kobolds
  9 rats
213 creatures vanquished.

Vanquished Creatures (others)
  2 slaves (D:8)
  A bullfrog (D:8)
  A crimson imp (D:8)
  2 orcs (D:8)
  A quokka (D:8)
7 creatures vanquished.

Grand Total: 220 creatures vanquished

Notes
Turn   | Place    | Note
-------+----------+-------------------------------------------
     0 | D:1      | polly the Demonspawn Gladiator began the quest for the Orb.
     0 | D:1      | Reached XP level 1. HP: 16/16 MP: 1/1
    94 | D:1      | Reached skill level 3 in Unarmed Combat
    94 | D:1      | Gained mutation: You have sharp fingernails. [demonic ancestry]
    94 | D:1      | Reached XP level 2. HP: 9/22 MP: 2/2
   580 | D:1      | Gained mutation: You have sharp toenails. [demonic ancestry]
   580 | D:1      | Reached XP level 3. HP: 23/27 MP: 3/3
   979 | D:2      | Reached skill level 1 in Armour
  1153 | D:2      | Gained mutation: You are immune to rotting. [demonic ancestry]
  1153 | D:2      | Reached XP level 4. HP: 31/33 MP: 4/4
  1505 | D:3      | Reached skill level 4 in Unarmed Combat
  2196 | D:3      | Noticed Grinder
  2197 | D:3      | Paralysed by Grinder for 2 turns
  2234 | D:3      | Paralysed by Grinder for 5 turns
  2247 | D:3      | Paralysed by Grinder for 6 turns
  2268 | D:3      | Killed Grinder
  2268 | D:3      | Reached skill level 5 in Unarmed Combat
  2268 | D:3      | Gained mutation: You have very sharp fingernails. [demonic ancestry]
  2268 | D:3      | Reached XP level 5. HP: 30/38 MP: 5/5
  2268 | D:3      | Gained mutation: You have a pair of small horns on your head. [demonic ancestry]
  2268 | D:3      | Reached XP level 6. HP: 35/44 MP: 6/6
  2737 | D:4      | Found a burning altar of Makhleb.
  2909 | D:4      | Reached skill level 1 in Stealth
  2913 | D:4      | Reached skill level 6 in Unarmed Combat
  2919 | D:4      | Gained mutation: You have a pair of horns on your head. [demonic ancestry]
  2919 | D:4      | Reached XP level 7. HP: 26/51 MP: 7/7
  3021 | D:4      | Found a stormy altar of Qazlal.
  3202 | D:4      | Found a bloodstained altar of Trog.
  3237 | D:5      | Entered Level 5 of the Dungeon
  3386 | D:5      | Found an iron altar of Okawaru.
  3534 | D:5      | Became a worshipper of Warmaster Okawaru
  3613 | D:5      | Reached skill level 7 in Unarmed Combat
  3802 | D:5      | Found a hazy altar of Hepliaklqana.
  3808 | D:5      | Noticed Edmund
  3818 | D:5      | Killed Edmund
  3818 | D:5      | Reached XP level 8. HP: 36/57 MP: 8/8
  3935 | D:5      | Reached * piety under Okawaru
  4042 | D:5      | Reached skill level 8 in Unarmed Combat
  4150 | D:6      | Found a staircase to the Ecumenical Temple.
  4169 | Temple   | Entered the Ecumenical Temple
  4977 | D:7      | Found Ullode's Distillery.
  4994 | D:7      | Got a bound glass ring
  5039 | D:7      | Reached skill level 9 in Unarmed Combat
  5212 | D:7      | Reached ** piety under Okawaru
  5488 | D:7      | Reached XP level 9. HP: 58/62 MP: 9/9
  5627 | D:8      | Noticed Joseph
  5633 | D:8      | Noticed Pikel
  5711 | D:7      | Killed Pikel
  5767 | D:8      | Killed Joseph
  5767 | D:8      | Reached skill level 10 in Unarmed Combat
  5842 | D:8      | Noticed a two-headed ogre
  5855 | D:8      | Killed a two-headed ogre
  5855 | D:8      | Reached *** piety under Okawaru
  5855 | D:8      | Reached skill level 5 in Armour
  6169 | D:8      | Found Eclot Roeru's General Store.
  6330 | D:8      | Reached skill level 11 in Unarmed Combat
  6343 | D:8      | Gained mutation: You sometimes gain a little power by taking damage. [demonic ancestry]
  6343 | D:8      | Reached XP level 10. HP: 60/70 MP: 10/10
  6368 | D:8      | Reached **** piety under Okawaru
  6713 | D:8      | Found a shattered altar of Ashenzari.
  6714 | D:8      | Found an iron altar of Okawaru.
  6717 | D:8      | Found a glowing silver altar of Zin.
  6721 | D:8      | Found a sacrificial altar of Ru.
  6722 | D:8      | Found a glowing golden altar of the Shining One.
  6722 | D:8      | Found a sparkling altar of Nemelex Xobeh.
  6724 | D:8      | Found a deep blue altar of Sif Muna.
  6726 | D:8      | Found a shadowy altar of Dithmenos.
  6728 | D:8      | Found a radiant altar of Vehumet.
  6849 | D:9      | Noticed Prince Ribbit
  6861 | D:9      | Killed Prince Ribbit
  6882 | D:9      | Noticed Gastronok
  6907 | D:9      | Killed Gastronok
  6907 | D:9      | Reached ***** piety under Okawaru
  6907 | D:9      | Reached skill level 12 in Unarmed Combat
  6927 | D:9      | Identified the ring of Xom's Fair Game {*Drain rC+++ EV+3} (You found it on level 7 of the Dungeon)
  7084 | D:9      | Found a staircase to the Lair.
  7086 | D:9      | Noticed Grum
  7125 | D:9      | HP: 3/70 [wolf[Grum] (6)]
  7138 | D:9      | Slain by Grum

Vault maps used:
D:1:      ncdulo_watergridlock
D:2:      first_bread, small_statue_intersection
D:3:      uniq_grinder
D:4:      kennysheep_mini, grunt_qazlal_clouds, makhleb_blood_cavern_becter,
          amethyst_killhole
D:5:      old_standard_altar, okawaru_metal_pillars_3, uniq_edmund
D:6:      minmay_temple_entry_overgrown
D:7:      serial_shops, shop, sigmund_army
D:8:      minitemple, serial_shops, shop_statue, grunt_ogre_cave, uniq_pikel,
          uniq_joseph
D:9:      minmay_lair_entry_lava, uniq_maurice, uniq_prince_ribbit1, uniq_grum,
          uniq_gastronok
Temple:   nicolae_temple_figure_zero

Skill      XL: |  1  2  3  4  5  6  7  8  9 10 |
---------------+-------------------------------+-----
Throwing       | 2 |  2.0
Unarmed Combat | 3 5 6 7 9 11 12 | 12.5
Dodging        | 3 4 |  4.6
Armour         | 1 2 3 4 5 |  5.8
Stealth        | 1 2 |  2.8
Fighting       | 3 |  3.4
Evocations     | |  0.4

Action                   |  1- 3 |  4- 6 |  7- 9 | 10-12 || total
-------------------------+-------+-------+-------+-------++-------
Melee: Unarmed           |   146 |   178 |   301 |    85 ||   710
       Punch             |     5 |     3 |    11 |     4 ||    23
       Kick              |    25 |    44 |    91 |    29 ||   189
       Headbutt          |       |     9 |    57 |    17 ||    83
Throw: Throwing net      |     1 |     5 |     1 |       ||     7
Evoke: Wand              |       |       |     1 |     1 ||     2
  Use: Scroll            |     4 |     1 |       |     3 ||     8
       Potion            |       |       |       |     3 ||     3
 Stab: Held in net/web   |     2 |     3 |     1 |       ||     6
       Sleeping          |     1 |       |     4 |     1 ||     6
  Eat: Chunk             |       |     6 |    11 |     3 ||    20
Armor: Leather armour    |    25 |       |       |       ||    25
       Scale mail        |       |    32 |    25 |       ||    57
       Chain mail        |       |       |    26 |       ||    26
       Ring mail         |       |       |    53 |    21 ||    74
Dodge: Dodged            |   139 |    99 |   186 |    74 ||   498
